 Dungeon Crawl Stone Soup version 0.18-a0-1560-ge216ca8 (webtiles) character file.

172 namelastname112 the Skirmisher (level 5, -27/47 HPs)
             Began as a Draconian Wanderer on Mar 12, 2016.
             Was an Initiate of Gozag.
             Annihilated by an ogre
             ... wielding a +0 giant spiked club
              (29 damage)
             ... on level 3 of the Dungeon.
             The game lasted 00:04:14 (3128 turns).

namelastname112 the Skirmisher (Draconian Wanderer) Turns: 3128, Time: 00:04:14

Health: -27/47     AC:  5    Str: 11    XL:     5   Next: 27%
Magic:  8/8        EV: 14    Int: 11    God:    Gozag
Gold:   252        SH:  0    Dex: 16    Spells: 0 memorised, 8 levels left

rFire  . . .     SeeInvis .     j - +1 dagger (speed)
rCold  . . .     Gourm    .     (armour unavailable)
rNeg   . . .     Faith    .     (no shield)
rPois  .         Spirit   .     (helmet restricted)
rElec  .         Dismiss  .     (no cloak)
rCorr  .         Reflect  .     (no gloves)
SustAt +         Harm     .     (no boots)
MR     .....                    (no amulet)
Stlth  +.........               (no ring)
                                f - ring of sustain attributes

@: not resistant to hostile enchantments, very unstealthy
A: unfitting armour, cold-blooded, AC +5
a: Potion Petition, Call Merchant, Bribe Branch, Renounce Religion


You were on level 3 of the Dungeon.
You worshipped Gozag.
Gozag was noncommittal.
You were not hungry.

You visited 1 branch of the dungeon, and saw 3 of its levels.

You collected 257 gold pieces.
You paid 5 gold pieces to Gozag.

Inventory:

Hand Weapons
 j - a +1 dagger of speed (weapon)
Magical Staves
 q - an uncursed staff of wizardry
Jewellery
 f - a ring of sustain attributes (left hand)
Wands
 b - a wand of random effects (10/48)
Scrolls
 c - 2 scrolls of enchant armour {unknown}
 e - a scroll of identify {unknown}
 g - 2 scrolls of teleportation {unknown}
 h - 2 scrolls of recharging {unknown}
 i - a scroll of remove curse {unknown}
 m - a scroll of blinking {unknown}
 n - a scroll of noise {unknown}
 o - a scroll of amnesia {unknown}
 p - a scroll of random uselessness {unknown}
 r - a scroll of enchant weapon {unknown}
Potions
 l - a potion of haste {unknown}
Comestibles
 a - a meat ration
 d - a bread ration


   Skills:
 + Level 4.4 Fighting
 - Level 2.0 Staves
 + Level 3.4 Dodging
   Level 1.0 Shields
 - Level 2.0 Spellcasting
   Level 1.0 Summonings
 - Level 1.0 Evocations


You had 8 spell levels left.
You didn't know any spells.

Dungeon Overview and Level Annotations

Branches:
Dungeon (3/15)

Altars:
Gozag
Ru


Innate Abilities, Weirdness & Mutations

Your plain brown scales are hard (AC +5).
Your body does not fit into most forms of armour.
You are cold-blooded and may be slowed by cold attacks.


Message History

Nothing appears to happen.
This wand has 12 charges left.
Something hits you but does no damage.
Evoke which item? (* to show all) (? for menu, Esc to quit)
Zapping:
b - a wand of random effects (12/48)
Press: ? - help, Shift-Dir - straight line Nothing appears to happen.
This wand has 11 charges left.
Something hits you!!
Evoke which item? (* to show all) (? for menu, Esc to quit)
Zapping:
b - a wand of random effects (11/48)
Press: ? - help, Shift-Dir - straight line The bolt of negative energy hits something.
This wand has 10 charges left.
Something hits you!
* * * LOW HITPOINT WARNING * * *
Something hits you!
* * * LOW HITPOINT WARNING * * *
Drink which item? (? for menu, Esc to quit)
It was a potion of cancellation.
You feel magically purged. Something hits you!!
Ouch! That really hurt!
You die...
Your body crumbles into a pile of gold.

.# #...(....# #.# .#
#.#####..#### #.# .#
##.#.##.. #.# .
#.###.#.# #.# .
##.#.##.# #.# #
##.###.# #.# #
###.###.# #.### #
####.......###### ##...
#######....<....@{....#
#.##
...........#.##..####.#
#.# ##########.#.##.>#
#.# #.# #.#.##..# #.#
#.## #.#.##..# #.# #.##
#.#.##..# #$# ####
#........ ..# #### .#
.... .># $ #... #####
#.# ####


There were no monsters in sight!

Vanquished Creatures
  An orc wizard (D:3)
  3 adders
  3 gnolls
  4 worms
  A dart slug (D:2)
  A giant gecko (D:1)
  6 orcs
  5 giant cockroaches
  7 goblins
  7 hobgoblins
  3 jackals (D:2)
  2 quokkas
  A ball python (D:2)
  12 bats
  4 giant newts
  4 kobolds
  4 rats
68 creatures vanquished.

Notes
Turn   | Place    | Note
--------------------------------------------------------------
     0 | D:1      | namelastname112 the Draconian Wanderer began the quest for the Orb.
     0 | D:1      | namelastname112 set off with: a potion of lignification, a wand of random effects (15/48), a +0 dagger, a bread ration
     0 | D:1      | Reached XP level 1. HP: 17/17 MP: 3/3
   292 | D:1      | Reached XP level 2. HP: 13/25 MP: 5/5
  1124 | D:1      | Reached XP level 3. HP: 30/30 MP: 6/6
  1270 | D:2      | Reached skill level 3 in Fighting
  1495 | D:2      | Found a sacrificial altar of Ru.
  1495 | D:2      | Found an opulent altar of Gozag.
  1498 | D:2      | Became a worshipper of Gozag Ym Sagoz the Greedy
  1606 | D:2      | Reached XP level 4. HP: 28/38 MP: 7/7
  2433 | D:3      | Reached skill level 4 in Fighting
  2562 | D:2      | Reached XP level 5. HP: 14/46 MP: 8/8
  3115 | D:3      | Noticed an ogre
  3127 | D:3      | HP: 2/47 [something (10)]
  3128 | D:3      | Annihilated by an ogre

Vault maps used:
D:1:      sevenhm_arrival_forest_fort_large_2
D:2:      gammafunk_temple_overflow_elements
D:3:      minitemple

Skill      XL: |  1  2  3  4 |
---------------+-------------+-----
Dodging        | 2 3 |  3.4
Fighting       | 3 4 |  4.4
Staves         | |  2.0
Shields        | |  1.0
Spellcasting   | |  2.0
Summonings     | |  1.0
Evocations     | |  1.0

Action                   |  1- 3 |  4- 6 || total
-------------------------+-------+-------++-------
Melee: Dagger            |   194 |   154 ||   348
Evoke: Wand              |       |     5 ||     5
  Use: Potion            |       |     2 ||     2
 Stab: Sleeping          |     1 |     3 ||     4
       Distracted        |       |     1 ||     1
  Eat: Chunk             |     2 |       ||     2
       Bread ration      |       |     1 ||     1
       Royal jelly       |       |     1 ||     1
